 Dungeon Crawl Stone Soup version 0.32-a0-17-gb74e046682 (webtiles) character file.

Game seed: 7339745469961525224

120973 swappor the Scorcher (level 16, -1/101 HPs)
             Began as a Gargoyle Earth Elementalist on Jan 15, 2024.
             Was the Champion of Ru.
             Killed from afar by a manticore (8 damage)
             ... with a volley of spikes
             ... on level 4 of the Shoals.
             The game lasted 03:52:38 (49572 turns).

swappor the Scorcher (Gargoyle Earth Elementalist) Turns: 49572, Time: 03:52:39

Health: -1/101     AC: 24    Str: 13    XL:     16   Next: 83%
Magic:  2/32       EV: 24    Int: 23    God:    Ru [******]
Gold:   1048       SH: 12    Dex: 10    Spells: 7/39 levels left

rFire   + . .        S - +3 Elemental Staff {ele, rElec rF+ rC+ AC+3}
rCold   + + .        V - +2 kite shield {reflect}
rNeg    + . .        t - +2 robe {rC+}
rPois   ∞            F - +1 helmet
rElec   +            (no cloak)
rCorr   .            N - +1 pair of gloves
SInv    .            j - +0 pair of boots
Will    +....        x - amulet of the acrobat Stlth
                     P - ring of wizardry
HPRegen 0.36/turn    s - ring of wizardry
MPRegen 0.23/turn

%: inaccuracy (-5), reflection, acrobat, wizardry (x2)
@: about to teleport, spiked, acrobatic, flying, mesmerised, unable to drink
A: sickness immunity, AC +12, big wings, negative energy resistance 1,
electricity resistance, torment resistance 1, petrification resistance,
inability to drink after injury 2, no stealth, inability to train dodging,
inability to train armour, missing an eye, no forms
a: Renounce Religion, Draw Out Power, Power Leap, Apocalypse


You were on level 4 of the Shoals.
You worshipped Ru.
Ru was exalted by your worship.
You visited 4 branches of the dungeon, and saw 25 of its levels.

You collected 1768 gold pieces.
You spent 720 gold pieces at shops.

Inventory:

Hand Weapons
 p - a +2 short sword of protection
 S - the +3 Elemental Staff (weapon) {ele, rElec rF+ rC+ AC+3}
   (You found it on level 1 of the Shoals)

   AC+3:      It affects your AC (+3).
   rF+:       It protects you from fire.
   rC+:       It protects you from cold.
   rElec:     It insulates you from electricity.
Missiles
 r - 6 curare-tipped darts
 L - 2 throwing nets
Armour
 j - a +0 pair of boots (worn)
 t - a +2 robe of cold resistance (worn)
 F - a +1 helmet (worn)
 N - a +1 pair of gloves (worn)
 V - a +2 kite shield of reflection (worn)
Jewellery
 g - a ring of positive energy
 s - a ring of wizardry (right hand)
 x - an amulet of the acrobat (around neck)
 E - a ring of protection from fire
 P - a ring of wizardry (left hand)
Wands
 a - a wand of polymorph (7)
 c - a wand of acid (6)
 m - a wand of flame (39)
 y - a wand of iceblast (18)
 B - a wand of digging (11)
 Q - a wand of charming (15)
Scrolls
 d - 2 scrolls of immolation
 e - 7 scrolls of vulnerability
 f - 4 scrolls of enchant armour
 h - 4 scrolls of blinking
 k - 2 scrolls of revelation
 l - 6 scrolls of fog
 o - 14 scrolls of teleportation
 q - 3 scrolls of enchant weapon
 z - 2 scrolls of poison
 A - 2 scrolls of silence
 D - 2 scrolls of torment
 G - a scroll of summoning
 J - 4 scrolls of amnesia
 K - 4 scrolls of fear
 W - 5 scrolls of identify
 X - 3 scrolls of brand weapon
Potions
 b - 2 potions of magic
 i - 3 potions of heal wounds
 n - 3 potions of haste
 u - 7 potions of mutation
 v - 4 potions of might
 w - 8 potions of attraction
 C - 2 potions of invisibility
 H - 8 potions of curing
 I - 4 potions of ambrosia
 O - 5 potions of enlightenment
 T - 2 potions of brilliance
Miscellaneous
 M - a lightning rod (4/4)
 R - a sack of spiders


   Skills:
 - Level 12.0 Fighting
 - Level 8.0 Shields
 - Level 12.0 Spellcasting
 - Level 10.5 Conjurations
 + Level 7.8 Summonings
 + Level 7.7 Translocations
 - Level 15.3 Fire Magic
 - Level 2.0 Ice Magic
 - Level 10.0 Earth Magic


You had 7 spell levels left.
You knew the following spells:

 Your Spells              Type           Power      Damage    Failure   Level
a - Sandblast             Erth           100%       2d20      1%          1
b - Stone Arrow           Conj/Erth      100%       3d13      1%          3
c - Brom's Barrelling Bo  Conj/Erth      75%        2d9       1%          4
d - Ozocubu's Armour      Ice            34%        N/A       4%          3
e - Blink                 Tloc           98%        N/A       1%          2
f - Magic Dart            Conj           100%       1d8       1%          1
g - Iskenderun's Battles  Conj           58%        2d11      1%          5
h - Fireball              Conj/Fire      41%        3d17      1%          5
i - Mephitic Cloud        Conj/Alch/Air  44%        N/A       2%          3
j - Summon Forest         Summ/Tloc      24%        N/A       4%          5

Your spell library contained the following spells:

 Spells                   Type           Power      Damage    Failure   Level
 Apportation              Tloc           98%        N/A       1%          1
 Freeze                   Ice            100%       1d10      1%          1
 Kiss of Death            Conj/Necr      100%       2d13      1%          1
 Call Imp                 Summ           98%        N/A       1%          2
 Lesser Beckoning         Tloc           98%        N/A       1%          2
 Momentum Strike          Conj/Tloc      100%       3d10      1%          2
 Dazzling Flash           Conj/Hex       76%        N/A       1%          3
 Hailstorm                Conj/Ice       59%        3d11      1%          3
 Passwall                 Erth           74%        N/A       1%          3
 Manifold Assault         Tloc           49%        N/A       1%          4
 Ensorcelled Hibernation  Hex/Ice        54%        N/A       3%          2
 Frozen Ramparts          Ice            68%        1d11      4%          3
 Petrify                  Alch/Erth      53%        N/A       4%          4
 Jinxbite                 Hex            26%        N/A       5%          2
 Confusing Touch          Hex            13%        N/A       11%         3
 Fugue of the Fallen      Necr           13%        N/A       11%         3
 Anguish                  Hex/Necr       6%         N/A       30%         4
 Cause Fear               Hex            6%         N/A       30%         4
 Dispel Undead            Necr           13%        3d9       30%         4
 Orb of Destruction       Conj           29%        9d9       32%         7
 Conjure Ball Lightning   Conj/Air       27%        3x3d8     45%         6
 Alistair's Intoxication  Alch           8%         N/A       61%         5
 Curse of Agony           Necr           13%        N/A       61%         5
 Silence                  Hex/Air        10%        N/A       61%         5
 Summon Hydra             Summ           24%        N/A       69%         7
 Eringya's Noxious Bog    Alch           6%         4d6       98%         6
 Dragon's Call            Summ           24%        N/A       100%        9


Dungeon Overview and Level Annotations

Branches:
Dungeon (15/15)            Temple (1/1) D:6            Lair (5/5) D:9
 Shoals (4/4) Lair:2       Spider (0/4) Lair:2          Orc (0/2) D:10
 Vaults (0/5) D:14         Depths (0/4) D:15
  Slime: Lair:4-5

Altars:
Ashenzari
Cheibriados
Dithmenos
Elyvilon
Fedhas
Gozag
Kikubaaqudgha
Makhleb
Nemelex Xobeh
Okawaru
Qazlal
Ru
Sif Muna
Trog
Uskayaw
Vehumet
Wu Jian
Xom
Yredelemnul
Zin
The Shining One
Jiyva

Shops:
D:4 [

Annotations:
D:2 1 runed translucent door, Crazy Yiuf
D:9 exclusion: orange crystal statue
D:12 3 runed translucent doors, PriceMaster's ghost, journeyman OpCj
Temple 2 transporters
Lair:4 3 runed translucent doors, exclusion: 3 oklob plants, voltaire321's ghost, journeyman DEAE
Lair:5 1 runed translucent door, PriceMaster's ghost, journeyman MiBe
Shoals:4 1 runed translucent door, ChongLi's ghost, adept DgRe


Innate Abilities, Weirdness & Mutations

You are immune to sickness and miasma.
Your stone body is resilient. (AC +12)
You are immune to poison.
Your large and strong wings let you fly.
You resist negative energy. (rN+)
You are resistant to electric shocks. (rElec)
You are resistant to unholy torment.
You are immune to petrification.
You sometimes lose the ability to drink potions when taking damage.
You cannot be stealthy.
You cannot train Dodging skill.
You cannot train Armour skill.
You are missing an eye, making it more difficult to aim.
You cannot voluntarily change form.


Message History

A merfolk comes into view. It is wielding a +0 trident.
The merfolk shouts!
A merfolk comes into view. It is wielding a +0 trident.
The merfolk is stunned by your conviction and fails to attack.
The merfolk avatar begins to cast a spell, but is stunned by your conviction!
The merfolk closely misses you.
The merfolk moves out of view.
The merfolk shouts!
The manticore begins to attack, but is stunned by your conviction!
The merfolk throws a boomerang.
You block the boomerang with your +2 kite shield of reflection... and reflect it back!
The boomerang hits the merfolk!
You redirect the merfolk's attack!
The merfolk closely misses itself.
The merfolk avatar chants its luring song.
As you read the scroll of teleportation, it crumbles to dust.
You feel strangely unstable.
The manticore flicks its tail.
The volley of spikes skewers you but does no damage.
The merfolk throws a boomerang.
The boomerang hits you but does no damage.
The merfolk hits you with a +0 trident!
* * * LOW HITPOINT WARNING * * *
You feel threatened and lose the ability to drink potions!
You redirect the merfolk avatar's attack!
You cannot drink potions in your current state!
The pull of its song draws you forwards.
The manticore flicks its tail.
The volley of spikes skewers you!
The barbed spikes become lodged in your body.
* * * LOW HITPOINT WARNING * * *
The merfolk avatar chants its luring song.
The merfolk hits you from afar with a +0 trident.
* * * LOW HITPOINT WARNING * * *
You focus your inner power and illuminate the merfolk in retribution!
The barbed spikes dig painfully into your body as you move.
* * * LOW HITPOINT WARNING * * *
The manticore flicks its tail.
The volley of spikes skewers you!
The barbed spikes become lodged in your body.
You die...

≈≈≈≈≈~~~## ##......~~~~≈≈≈≈
≈≈≈≈≈≈≈≈# ≈≈ #.~~~~~~~~≈≈≈≈≈
≈≈≈≈≈≈≈≈# #≈#..#.~~~~~≈≈≈≈≈≈≈≈
≈≈≈≈≈≈≈≈# ##≈≈..#..~~~~≈≈≈≈≈≈≈≈
≈≈≈≈≈≈≈≈#≈~ ≈≈≈~#.#..~~~≈≈≈≈≈≈≈≈≈
≈≈≈≈≈≈≈≈#≈~~# ~m..#..~m~≈≈≈≈≈≈≈≈≈
≈≈≈≈≈≈≈≈##~~~~#~m#...~~≈≈≈≈≈≈≈≈≈≈
≈≈≈≈≈≈≈≈≈##~~~~~#~~~~≈≈≈≈≈≈≈≈≈≈≈≈
≈≈≈≈≈≈≈≈≈≈######@~≈~≈≈≈≈≈≈≈≈≈≈≈≈≈
≈≈≈≈≈≈≈≈≈≈≈≈≈≈≈≈~~~m≈≈≈≈≈≈≈ ≈≈≈≈≈
≈≈≈≈≈≈≈≈≈≈≈≈≈≈≈≈H≈≈≈≈≈≈≈≈≈≈ ≈≈≈≈
≈≈≈≈≈≈≈≈≈≈≈≈≈≈≈≈≈≈≈≈≈≈≈≈≈≈≈ ≈≈≈
≈≈≈≈≈≈≈≈≈≈≈≈≈≈≈≈≈≈≈≈≈≈≈≈≈≈≈ ≈≈
###########################


You could see a merfolk avatar (mesmerising), 2 merfolk and a manticore.

Vanquished Creatures
  A titan (Shoals:1)
  Nessos (D:15)
  A formless jellyfish (Shoals:3)
  Snorg (D:13)
  5 merfolk impalers
  Josephine (D:14)
  3 merfolk javelineers
  2 hydras (D:14)
  3 centaur warriors
  A catoblepas (D:13)
  2 ogre magi
  2 merfolk avatars
  An alligator snapping turtle (Shoals:4)
  2 boulder beetles
  6 two-headed ogres
  2 satyrs
  A merfolk aquamancer (Shoals:4)
  3 tengu warriors
  2 occultists (D:15)
  Urug (D:10)
  4 skysharks
  A swamp dragon (shapeshifter) (D:14)
  6 skeletal warriors
  6 sea snakes
  A necromancer (D:15)
  12 harpies
  A wolf spider (shapeshifter) (D:15)
  3 deep elf pyromancers (D:14)
  8 ugly things (D:15)
  8 cyclopes
  11 fauns
  10 elephants
  3 merfolk sirens
  13 manticores
  A meliai (Lair:2)
  3 torpor snails
  4 water nymphs
  5 black mambas
  9 cane toads
  An unseen horror (D:13)
  7 rime drakes
  4 tengu conjurers (D:15)
  An efreet (D:13)
  7 komodo dragons
  A freezing wraith (D:14)
  2 ice devils (D:12)
  8 trolls
  23 merfolk
  7 hornets
  4 wind drakes
  6 polar bears
  11 blink frogs
  3 snapping turtles
  19 dream sheep
  2 vampires (D:12)
  Sigmund (D:6)
  7 slime creatures
  5 wraiths
  13 spriggans
  3 shadows
  9 water elementals
  12 wyverns
  40 yaks
  3 hogs
  A human (D:10)
  A warg (D:10)
  11 basilisks
  A steam dragon (D:7)
  13 vampire mosquitoes
  An acid dragon (D:11)
  4 hell hounds (D:14)
  15 water moccasins
  5 orc warriors
  A sky beast (D:6)
  A meliai simulacrum (D:15)
  6 black bears
  32 wolves
  4 ogres
  10 boggarts
  12 centaurs
  7 kobold brigands
  13 bullfrogs
  4 scorpions
  10 wights
  15 killer bees
  5 howler monkeys
  A jelly (D:8)
  3 electric eels
  3 bombardier beetles
  6 orc priests
  4 gnoll boudas
  3 hounds
  4 hell rats (D:14)
  3 iguanas
  6 orc wizards
  Robin (D:3)
  24 gnolls
  10 adders
  A shadow imp (D:8)
  A white imp (D:7)
  2 ufetubi (D:5)
  4 ribbon worms
  4 dart slugs
  31 orcs
  6 ball pythons
  3 bats
  11 endoplasms
  4 giant cockroaches (D:1)
  14 goblins
  5 hobgoblins
  5 jackals
  20 kobolds
  6 quokkas
  6 frilled lizards
  27 rats
739 creatures vanquished.

Vanquished Creatures (collateral kills)
  An alligator snapping turtle (Shoals:3)
  2 wind drakes (Shoals:4)
  An ogre (D:5)
  A gnoll (D:8)
  A kobold (D:7)
  56 boulders
  A tentacle (Shoals:4)
63 creatures vanquished.

Vanquished Creatures (others)
  A merfolk aquamancer (Shoals:4)
  A sea snake (Shoals:1)
  2 skeletal warriors
  An elephant (Lair:1)
  2 merfolk (Shoals:2)
  2 slime creatures
  A water elemental (Shoals:4)
  A vampire mosquito (D:14)
  A water moccasin (Lair:3)
  59 boulders
  A snaplasher vine (Shoals:4)
  6 tentacles (Shoals:4)
78 creatures vanquished.

Grand Total: 880 creatures vanquished

Notes
Turn   | Place    | Note
-------+----------+-------------------------------------------
     0 | D:1      | swappor the Gargoyle Earth Elementalist began the quest for
                  | the Orb.
     0 | D:1      | Reached XP level 1. HP: 10/10 MP: 3/3
   119 | D:1      | Reached XP level 2. HP: 15/15 MP: 0/5
   714 | D:1      | Reached XP level 3. HP: 19/19 MP: 4/6
   736 | D:1      | Reached skill level 5 in Earth Magic
  1178 | D:2      | Learned a level 3 spell: Stone Arrow
  1350 | D:2      | Found a runed translucent door.
  1351 | D:2      | Noticed Crazy Yiuf
  1562 | D:2      | Reached XP level 4. HP: 24/24 MP: 5/7
  2071 | D:2      | Found a faded altar of an unknown god.
  2308 | D:3      | Reached XP level 5. HP: 28/28 MP: 6/9
  2765 | D:3      | Reached XP level 6. HP: 32/32 MP: 8/10
  2832 | D:3      | Noticed Robin
  2844 | D:3      | Killed Robin
  2958 | D:3      | Learned a level 4 spell: Brom's Barrelling Boulder
  3384 | D:4      | Found Qarph's Armour Emporium.
  3652 | D:4      | Reached skill level 1 in Fighting
  3652 | D:4      | Reached skill level 5 in Conjurations
  3965 | D:5      | Entered Level 5 of the Dungeon
  4058 | D:5      | Found a broken altar of Ashenzari.
  4166 | D:5      | Reached XP level 7. HP: 33/40 MP: 6/12
  4747 | D:5      | Reached skill level 5 in Fighting
  4931 | D:5      | Found a bloodstained altar of Trog.
  4965 | D:5      | Found an iron altar of Okawaru.
  4967 | D:5      | Found a shimmering altar of Xom.
  5189 | D:6      | Noticed Sigmund
  5193 | D:6      | Killed Sigmund
  5194 | D:6      | Reached skill level 5 in Spellcasting
  5194 | D:6      | Reached skill level 1 in Armour
  5194 | D:6      | Reached XP level 8. HP: 49/49 MP: 10/15
  5260 | D:6      | Found a blossoming altar of Fedhas.
  5486 | D:6      | Found a staircase to the Ecumenical Temple.
  5492 | Temple   | Found a transporter.
  5492 | Temple   | Found a transporter.
  5492 | Temple   | Found a transporter.
  5492 | Temple   | Found a transporter.
  5492 | Temple   | Entered the Ecumenical Temple
  5512 | Temple   | Became a worshipper of Ru the Awakened
  6216 | D:7      | Reached skill level 5 in Stealth
  6604 | D:7      | Reached XP level 9. HP: 48/54 MP: 7/16
  6932 | D:7      | Gained mutation: You cannot train Dodging skill. [Ru
                  | sacrifice]
  6932 | D:7      | Reached * piety under Ru
  6948 | D:7      | Noticed a two-headed ogre
  7023 | D:7      | Killed a two-headed ogre
  7134 | D:7      | Learned a level 3 spell: Ozocubu's Armour
  7189 | D:7      | Identified the +5 chain mail of Zaifoyte {rPois Str+5}
  7706 | D:8      | Learned a level 2 spell: Blink
  8076 | D:8      | Reached XP level 10. HP: 59/59 MP: 14/18
  8360 | D:8      | Found a glowing golden altar of the Shining One.
  9792 | D:9      | Reached skill level 10 in Earth Magic
  9840 | D:9      | Found a staircase to the Lair.
 10386 | D:9      | Noticed an orange crystal statue
 11433 | D:10     | Entered Level 10 of the Dungeon
 11437 | D:9      | Gained mutation: You occasionally lose the ability to drink
                  | potions when taking damage. [Ru sacrifice]
 11437 | D:9      | Gained mutation: You sometimes lose the ability to drink
                  | potions when taking damage. [Ru sacrifice]
 11437 | D:9      | Reached ** piety under Ru
 11455 | D:10     | Noticed a kobold demonologist
 11455 | D:10     | Found an ornate altar of the Wu Jian Council.
 11456 | D:10     | a kobold demonologist changed into a wyvern
 11935 | D:10     | Found a radiant altar of Vehumet.
 12093 | D:10     | Found a staircase to the Orcish Mines.
 12096 | D:10     | Noticed Urug
 12103 | D:10     | Reached XP level 11. HP: 58/67 MP: 7/22
 12255 | D:10     | Found an ancient bone altar of Kikubaaqudgha.
 12284 | D:10     | Killed Urug
 12543 | D:10     | Found a white marble altar of Elyvilon.
 12610 | D:10     | Reached skill level 1 in Fire Magic
 12716 | D:10     | Reached skill level 2 in Fire Magic
 12827 | D:10     | Reached skill level 3 in Fire Magic
 12835 | D:10     | Learned a level 1 spell: Magic Dart
 12841 | D:10     | Learned a level 5 spell: Iskenderun's Battlesphere
 13038 | D:9      | Reached skill level 4 in Fire Magic
 13044 | D:9      | Learned a level 5 spell: Fireball
 13427 | D:10     | Reached skill level 5 in Fire Magic
 13608 | D:11     | Found a gate leading to a gauntlet.
 13846 | D:11     | Noticed a tengu warrior
 13846 | D:11     | Noticed a tengu warrior
 14172 | D:10     | Killed a tengu warrior
 14585 | D:11     | Killed a tengu warrior
 14586 | D:11     | Reached skill level 10 in Fighting
 15104 | D:11     | Reached XP level 12. HP: 65/80 MP: 14/24
 15843 | Lair:1   | Entered Level 1 of the Lair of Beasts
 15904 | Lair:1   | Gained mutation: You cannot train Armour skill. [Ru
                  | sacrifice]
 15904 | Lair:1   | Reached *** piety under Ru
 15904 | Lair:1   | Reached **** piety under Ru
 18032 | Lair:2   | Reached skill level 10 in Spellcasting
 18618 | Lair:2   | Found a staircase to the Shoals.
 18740 | Lair:2   | Found a hole to the Spider Nest.
 18887 | Lair:2   | Noticed a boulder beetle
 18906 | Lair:2   | Killed a boulder beetle
 19135 | Lair:2   | Reached XP level 13. HP: 86/86 MP: 4/28
 20222 | Lair:2   | Gained mutation: You are missing an eye, making it more
                  | difficult to aim. [Ru sacrifice]
 20222 | Lair:2   | Reached ***** piety under Ru
 20233 | Lair:3   | Reached skill level 6 in Fire Magic
 22482 | Lair:4   | Found a runed translucent gate.
 22482 | Lair:4   | Found a runed translucent gate.
 22482 | Lair:4   | Found a runed translucent gate.
 22485 | Lair:4   | Noticed voltaire321's ghost (journeyman DEAE)
 23028 | Lair:4   | Reached skill level 7 in Fire Magic
 24983 | Lair:4   | Gained mutation: You cannot voluntarily change form. [Ru
                  | sacrifice]
 25702 | Lair:4   | Found a viscous altar of Jiyva.
 26027 | Lair:4   | Reached skill level 10 in Conjurations
 26044 | Lair:4   | Reached skill level 8 in Fire Magic
 26200 | Lair:4   | Identified the +9 ring mail of Dawn {Rampage rC- Int+4
                  | Dex+5}
 26203 | Lair:5   | Entered Level 5 of the Lair of Beasts
 26726 | Lair:5   | Reached skill level 9 in Fire Magic
 27109 | Lair:5   | Gained mutation: Your large and strong wings let you fly.
                  | [Gargoyle growth]
 27109 | Lair:5   | Reached XP level 14. HP: 92/92 MP: 7/30
 27549 | Lair:4   | Reached skill level 10 in Fire Magic
 28631 | Lair:5   | Reached skill level 1 in Shields
 29112 | Lair:5   | Found a runed translucent door.
 29151 | Lair:5   | Noticed PriceMaster's ghost (journeyman MiBe)
 29275 | Lair:5   | Identified the +9 trident "Suell" {pain, rElec}
 29648 | Lair:5   | Reached skill level 11 in Fire Magic
 30807 | D:11     | Gained mutation: You cannot be stealthy. [Ru sacrifice]
 30807 | D:11     | Reached ****** piety under Ru
 31550 | D:12     | Reached skill level 5 in Shields
 31982 | D:12     | Found a runed translucent gate.
 31982 | D:12     | Found a runed translucent gate.
 31983 | D:12     | Found a runed translucent gate.
 31985 | D:12     | Identified the ring of Feetey {rC+ Str+3 Dex+6}
 32173 | D:12     | Noticed PriceMaster's ghost (journeyman OpCj)
 32631 | D:13     | Noticed Snorg
 32649 | D:13     | Killed Snorg
 32715 | D:13     | Identified the +2 chain mail of Incorporation {Will+ Dex+3}
 33361 | D:13     | Reached skill level 12 in Fire Magic
 34762 | D:13     | Learned a level 3 spell: Mephitic Cloud
 35012 | D:14     | Found a gate to the Vaults.
 35360 | D:14     | Noticed Josephine
 35603 | D:14     | Found a sacrificial altar of Ru.
 35638 | D:14     | Reached XP level 15. HP: 59/91 MP: 3/31
 35932 | D:14     | Reached skill level 13 in Fire Magic
 37704 | D:14     | Killed Josephine
 37859 | D:15     | Entered Level 15 of the Dungeon
 38095 | D:15     | Reached skill level 14 in Fire Magic
 39345 | D:15     | Noticed Nessos
 39350 | D:15     | Killed Nessos
 40652 | D:15     | Reached skill level 15 in Fire Magic
 41261 | D:15     | Found a staircase to the Depths.
 41743 | Shoals:1 | Entered Level 1 of the Shoals
 41743 | Shoals:1 | Found the +3 Elemental Staff {ele, rElec rF+ rC+ AC+3}
 42539 | Shoals:1 | Reached skill level 1 in Summonings
 42539 | Shoals:1 | Reached skill level 1 in Translocations
 43559 | Shoals:1 | Noticed a titan
 43635 | Shoals:1 | Killed a titan
 44040 | Shoals:1 | Reached XP level 16. HP: 87/101 MP: 1/32
 45147 | Shoals:2 | Reached skill level 5 in Summonings
 45154 | Shoals:2 | Reached skill level 5 in Translocations
 45856 | Shoals:2 | Identified the +2 short sword "Ykaubof" {protect, rPois
                  | Will- Str+3 Int+2}
 45953 | Shoals:2 | Found Ewafoku's Island Escapes.
 45961 | Shoals:2 | Bought a potion of haste for 160 gold pieces
 45961 | Shoals:2 | Bought a potion of invisibility for 128 gold pieces
 45961 | Shoals:2 | Bought a scroll of blinking for 120 gold pieces
 45961 | Shoals:2 | Bought a scroll of fog for 64 gold pieces
 45961 | Shoals:2 | Bought a scroll of teleportation for 48 gold pieces
 45961 | Shoals:2 | Bought a potion of enlightenment for 80 gold pieces
 45961 | Shoals:2 | Bought a scroll of blinking for 120 gold pieces
 46127 | Shoals:2 | Learned a level 5 spell: Summon Forest
 47416 | Shoals:4 | Entered Level 4 of the Shoals
 47950 | Shoals:4 | Found a runed translucent door.
 47950 | Shoals:4 | Found a shimmering altar of Xom.
 47950 | Shoals:4 | Noticed ChongLi's ghost (adept DgRe)
 47950 | Shoals:4 | Identified the +5 executioner's axe of the End {chaos,
                  | Int+4 Stlth-}
 49529 | Shoals:4 | Noticed a kraken
 49572 | Shoals:4 | Killed from afar by a manticore

Illustrated notes

Levels and vault maps discovered:
D:1:      minmay_arrival_four_circles, layout_basic
D:2:      layout_rooms, dreamdust_ecumenical_altar_grove, minmay_rat_hole,
          uniq_crazy_yiuf_cottage
D:3:      layout_basic, uniq_robin
D:4:      layout_loops_ring, serial_shops, shop
D:5:      layout_gridville, mainiacjoe_overflow_catwalk,
          nicolae_overflow_hidden_temple
D:6:      cheibrodos_helix_gallery, layout_loops_ring,
          nicolae_overflow_crystal_walls, minmay_temple_entry_hall, uniq_sigmund
D:7:      minmay_chambers_of_fours, layout_cave_pods, serial_glass,
          glass_columns_a, glass_columns_a, glass_columns_b, glass_columns_b,
          glass_columns_b, glass_columns_a, glass_columns_b, glass_columns_a,
          glass_columns_b, glass_columns_b, kennysheep_potato
D:8:      layout_basic, mainiacjoe_overflow_surrounded_room
D:9:      layout_roguey, david_lair_shrubbed, minivault_16
D:10:     layout_rooms, vehumet_crystals, elyvilon_altar_3,
          grunt_temple_overflow_open, minmay_orc_entry_guard_dogs,
          grunt_livestock, kennysheep_generic_room_6, uniq_urug
D:11:     layout_long_grid, gauntlet_entry_generic, minivault_14
D:12:     layout_cave_pools, portal_ice_cave_demonic_guard,
          gammafunk_ghost_split
D:13:     layout_layer_cave, grunt_ministairs_9, uniq_snorg
D:14:     layout_loops_ring, david_vaults_2, special_room
          [special_room_mythical_zoo], nicolae_ru_awakened_eye, uniq_josephine
D:15:     hangedman_depths_entry_civil_slaughter, layout_stronghold,
          abandoned_shop, uniq_nessos
Temple:   hellmonk_temple_divided_pantheon
Lair:1:   layout_chaotic_city
Lair:2:   layout_concentric_octagons, minmay_shoals_entry_centaurs,
          hellmonk_spider_entry_not_the_bees, grunt_megastairs_1
Lair:3:   layout_long_grid
Lair:4:   layout_layer_cave, minmay_slime_entry_oklob_enclosed,
          gammafunk_ghost_split, mumra_transporter_accident, nzn_random_ring,
          infiniplex_staircase_pool_2, serial_bayou_shore_a
Lair:5:   minmay_lair_end_enchanted_forest, layout_loops_ring,
          ebering_ghost_funeral_grove, nicolae_quartered_pool_little
Shoals:1: cheibrodos_shoals_gigantism, layout_shoals
Shoals:2: layout_shoals, nicolae_shoals_land_atoll, nicolae_island_escapes
Shoals:3: layout_shoals
Shoals:4: shoals_end_hangedman, layout_shoals, ebering_ghost_xom,
          lemuel_centaur_altar

Skill      XL: |  1  2  3  4  5  6  7  8  9 10 11 12 13 14 15 16 |
---------------+-------------------------------------------------+-----
Earth Magic    | 4 5 8 10 | 10.0
Conjurations   | 2 3 4 5 6 7 10 | 10.5
Spellcasting   | 3 5 7 8 11 12 | 12.0
Fighting       | 2 5 7 11 12 | 12.0
Armour         | 1 3 4 0 |  0.0
Stealth        | 3 6 0 |  0.0
Dodging        | 3 0 |  0.0
Ice Magic      | 2 |  2.0
Fire Magic     | 5 9 12 15 | 15.3
Shields        | 8 |  8.0
Summonings     | 3 7 |  7.8
Translocations | 3 7 |  7.7

Action                     |  1- 3 |  4- 6 |  7- 9 | 10-12 | 13-15 | 16-18 || total
---------------------------+-------+-------+-------+-------+-------+-------++-------
  Melee: Short sword       |       |    17 |    17 |   100 |   125 |       ||   259
         Punch             |       |       |       |     1 |     2 |       ||     3
         Staff             |       |       |       |       |     2 |    52 ||    54
  Throw: Dart              |       |     1 |     4 |    10 |     5 |       ||    20
   Cast: Sandblast         |    47 |   108 |   115 |   101 |    81 |     2 ||   454
         Stone Arrow       |     1 |     1 |       |   195 |   104 |       ||   301
         Brom's Barrelling |       |     1 |    19 |    39 |    74 |       ||   133
         Ozocubu's Armour  |       |       |     3 |    11 |    11 |       ||    25
         Blink             |       |       |     1 |       |     1 |     2 ||     4
         Fireball          |       |       |       |    28 |   544 |   171 ||   743
         Magic Dart        |       |       |       |   116 |    44 |       ||   160
         Iskenderun's Batt |       |       |       |    21 |     6 |       ||    27
         Mephitic Cloud    |       |       |       |       |    12 |       ||    12
         Summon Forest     |       |       |       |       |       |     9 ||     9
 Invoke: Sacrifice Nimblen |       |       |     1 |       |       |       ||     1
         Sacrifice Drink   |       |       |       |     1 |       |       ||     1
         Power Leap        |       |       |       |     2 |     6 |     1 ||     9
         Draw Out Power    |       |       |       |     1 |     3 |     1 ||     5
         Sacrifice Durabil |       |       |       |     1 |       |       ||     1
         Apocalypse        |       |       |       |       |     4 |       ||     4
         Sacrifice an Eye  |       |       |       |       |     1 |       ||     1
         Sacrifice Forms   |       |       |       |       |     1 |       ||     1
         Sacrifice Stealth |       |       |       |       |     1 |       ||     1
  Evoke: Wand              |       |       |       |     1 |       |       ||     1
    Use: Scroll            |     1 |     2 |    11 |     6 |     7 |     2 ||    29
         Potion            |       |       |       |     2 |       |       ||     2
   Stab: Distracted        |       |       |       |       |     1 |       ||     1
         Paralysed         |       |       |       |       |     3 |     2 ||     5
 Armour: Robe              |     5 |    32 |    90 |   412 |   468 |   127 ||  1134
  Dodge: Dodged            |     3 |    46 |    87 |   343 |   318 |   108 ||   905
  Block: Kite shield       |       |       |       |       |   157 |   131 ||   288
         Reflection        |       |       |       |       |     7 |    12 ||    19
         Buckler           |       |       |       |       |     4 |       ||     4

Table legend: (Time is in decaauts)
 A = Elapsed time spent in this place.
 B = Non-inter-level travel time spent in this place.
 C = Inter-level travel time spent in this place.
 D = Time resting spent in this place.
 E = Time spent auto-exploring this place.
 F = Levels seen in this place.
 G = Mean time per level.
                   A        B        C        D        E       F      G
               +--------+--------+--------+--------+--------+-----+--------+
         Total |  49964 |  46821 |   3143 |  18711 |  17038 |  25 | 1998.6 |
       Dungeon |  27649 |  25555 |   2094 |   8426 |  11076 |  15 | 1843.3 |
        Temple |     36 |     36 |      0 |      0 |      0 |   1 |   36.0 |
          Lair |  14878 |  13920 |    958 |   6993 |   3686 |   5 | 2975.6 |
        Shoals |   7399 |   7309 |     90 |   3292 |   2276 |   4 | 1849.8 |
               +--------+--------+--------+--------+--------+-----+--------+

Top non-repeatable levels by time:
  Lair:4: 5564 daAuts
    D:14: 3217 daAuts
  Lair:2: 3037 daAuts
    D:15: 3024 daAuts
     D:9: 2926 daAuts
    D:13: 2880 daAuts
    D:10: 2578 daAuts
  Lair:1: 2338 daAuts
    D:11: 2227 daAuts
Shoals:1: 2218 daAuts
Shoals:3: 2163 daAuts
  Lair:3: 1984 daAuts
  Lair:5: 1953 daAuts
     D:8: 1933 daAuts
Shoals:2: 1749 daAuts
